 Dungeon Crawl Stone Soup version 0.21-a0-272-g984ae92 (webtiles) character file.

41610 MrFrosty176 the Blocker (level 14, -11/90 HPs)
             Began as a Gargoyle Fighter on Sept 14, 2017.
             Was a High Priest of Okawaru.
             Killed by divine providence
             ... invoked by a meliai
              (13 damage)
             ... on level 4 of the Lair of Beasts on Sept 15, 2017.
             The game lasted 01:42:24 (19546 turns).

MrFrosty176 the Blocker (Gargoyle Fighter)         Turns: 19546, Time: 01:42:25

Health: -11/90     AC: 26    Str: 25    XL:     14   Next: 16%
Magic:  19/19      EV: 12    Int: 14    God:    Okawaru [*****.]
Gold:   1091       SH: 16    Dex: 16    Spells: 13/13 levels left

rFire    . . .     SeeInvis +   d - +3 hand axe of Due Proportion {chop, +Rage Str+3 Dex+6}
rCold    . . .     Gourm    .   c - +0 shield
rNeg     + + .     Faith    .   W - +1 acid dragon scales
rPois    ∞         Spirit   .   C - +2 helmet {SInv}
rElec    +         Reflect  +   y - scarf {cloud immunity}
rCorr    +         Harm     .   v - +0 pair of gloves
MR       +....                  H - +0 pair of boots
Stlth    ++........             b - +2 amulet of reflection
HPRegen  0.25/turn              A - +3 ring of intelligence
MPRegen  0.16/turn              z - ring of positive energy

@: very slightly contaminated, invisible
A: big wings, negative energy resistance 1, electricity resistance, unbreathing,
petrification resistance, rot immunity, AC +9
a: Fly, Heroism, Finesse, Renounce Religion, Evoke Berserk Rage


You were on level 4 of the Lair of Beasts.
You worshipped Okawaru.
Okawaru was extremely pleased with you.
You were near starving.

You visited 2 branches of the dungeon, and saw 16 of its levels.
You also visited: Labyrinth, Sewer and Ossuary.

You collected 1091 gold pieces.

Inventory:

Hand Weapons
 d - the +3 hand axe of Due Proportion (weapon) {chop, +Rage Str+3 Dex+6}
   (You found it on level 7 of the Dungeon)

   It inflicts extra damage upon your enemies.
   It affects your strength (+3).
   It affects your dexterity (+6).
   It lets you go berserk.
 U - a +1 mace of protection
Missiles
 n - 7 steel javelins (quivered)
Armour
 c - a +0 shield (worn)
 v - a +0 pair of gloves (worn)
 y - a scarf of cloud immunity (worn)
 C - a +2 helmet of see invisible (worn)
 H - a +0 pair of boots (worn)
 R - a +2 scale mail of cold resistance
 W - +1 acid dragon scales (worn)
Jewellery
 b - a +2 amulet of reflection (around neck)
 w - an uncursed ring of ice
 z - a ring of positive energy (right hand)
 A - a +3 ring of intelligence (left hand)
Wands
 a - a wand of polymorph (10/24)
 g - a wand of digging (0/24)
 l - a wand of confusion (26/48)
 q - a wand of paralysis (15/24)
 t - a wand of digging (10/24)
 I - a wand of lightning (9/15)
 N - a wand of flame (28/48)
 O - a wand of confusion (9/48)
 Q - a wand of iceblast (10/15)
 T - a wand of polymorph (14/24)
 V - a wand of digging (1/24)
 Z - a wand of disintegration (12/24)
Scrolls
 m - 4 scrolls of magic mapping
 r - 2 scrolls of recharging
 u - 7 scrolls of remove curse
 x - a scroll of summoning
 D - 2 scrolls of identify
 M - a scroll of holy word
 P - 4 scrolls of blinking
 Y - 2 scrolls of teleportation
Potions
 e - 3 potions of flight
 j - 2 potions of berserk rage
 p - 6 potions of curing
 s - 3 potions of lignification
 B - 3 potions of ambrosia
 E - 3 potions of agility
 G - 2 potions of brilliance
 J - 3 potions of cancellation
 K - a potion of mutation
 L - 3 potions of magic {unknown}
 S - 2 potions of degeneration {unknown}
Miscellaneous
 F - a lightning rod (4/4)
 X - a fan of gales
Comestibles
 f - 6 bread rations
 h - 9 royal jellies
 i - 8 meat rations
 k - 3 fruits


   Skills:
 + Level 11.1 Fighting
 + Level 7.4(8.6) Axes
 - Level 7.1(8.9) Maces & Flails
 - Level 4.4 Throwing
 + Level 11.9 Armour
 + Level 2.6 Dodging
 - Level 1.2 Stealth
 + Level 13.8 Shields
 - Level 7.0 Invocations
 - Level 5.1 Evocations


You had 13 spell levels left.
You didn't know any spells.

Dungeon Overview and Level Annotations

Branches:
Dungeon (12/15)            Temple (0/1) D:6            Lair (4/6) D:9
  Swamp (0/4) Lair:3        Snake (0/4) Lair:4          Orc (0/2) D:11

Altars:
Cheibriados
Dithmenos
Okawaru
Qazlal
Vehumet
Yredelemnul
Zin
Beogh

Shops:
D:7 %   D:9 (

Annotations:
D:11 exclusion: orange crystal statue
D:12 plsesad's ghost, journeyman BaFi
Lair:3 1 exclusion
Lair:4 exclusion: 3 oklob plants


Innate Abilities, Weirdness & Mutations

You are resistant to torment.
Your stone body is resilient. (AC +9)
You are immune to poison.
Your large and strong wings let you fly indefinitely.
You resist negative energy. (rN+)
You are resistant to electric shocks. (rElec)
You can survive without breathing.
You are immune to petrification.
You are immune to rotting.


Message History

The meliai is almost dead.
You block the meliai's attack.
The meliai hits your bullfrog but does no damage.
You block the meliai's attack.
Your bullfrog misses the meliai. Something hits your bullfrog.
Your bullfrog dies!
Your bullfrog's corpse dissolves into shadows!
The meliai hits you but does no damage. The meliai closely misses you.
Okay, then.
You fade into invisibility!
You block the meliai's attack. x2
You are very lightly contaminated with residual magic.
You strike the helpless meliai from behind!
You hit the meliai but do no damage.
The meliai is almost dead.
You barely miss the meliai. The meliai hits you but does no damage.
You block the meliai's attack. x3
The meliai invokes the aid of its god against you.
Something smites you!
You die...

........#.........#..#
..≈.≈....###....######
≈≈≈≈≈≈≈.## ##.### ###
≈≈≈≈≈≈≈.# ### ##.##
≈≈≈≈≈≈≈.## ##...####
≈.≈≈≈≈≈.P# #####..r....##
≈.>.≈≈≈≈## #.#...yF.S...#
≈≈.≈≈≈≈≈####
##y#######y.##
≈≈≈≈≈≈≈....# ##y@# #.##
≈≈≈≈≈≈....####...# #y#
≈≈≈≈≈≈........####.yyy%.y#
..≈≈..........# #%y%%y###
#.#≈#######...####%%%%y
##### #.......##%%.% #
##.......##### ##
##.......##### .#
#........#..#


You could see 2 meliai.

Vanquished Creatures
  A minotaur (Lab)
  A hydra (D:11)
  Erica (D:11)
  The ghost of Meesh the Fighter, a novice MiFi of Makhleb (D:8)
  4 two-headed ogres
  The ghost of wearedevo the Nimble, a journeyman OpAK of Lugonu (Lair:1)
  An ogre mage (D:7)
  Nergalle (Lair:3)
  An unseen horror (D:11)
  2 deep elf magi (D:12)
  3 manticores
  5 elephants (Lair:4)
  Psyche (D:11)
  3 black mambas
  6 spiny frogs
  The ghost of wearedevo the Vandal, a novice GnAM of Fedhas (D:6)
  10 komodo dragons
  An efreet (D:10)
  7 trolls
  A hornet (D:9)
  9 blink frogs (Lair:2)
  A minotaur skeleton (Lab)
  6 hippogriffs
  Prince Ribbit (D:8)
  5 dream sheep (Lair:3)
  2 shadows (Lab)
  2 redbacks (Lab)
  Eustachio (D:6)
  31 yaks
  A wyvern (D:10)
  Grum (D:11)
  A steam dragon (D:9)
  2 basilisks
  A warg (D:11)
  6 hungry ghosts
  5 water moccasins
  6 insubstantial wisps
  An acid dragon (D:9)
  7 porcupines
  A black bear (D:10)
  2 ice beasts
  10 sky beasts
  6 orc warriors
  8 ogres
  2 necrophages
  20 wolves
  4 centaurs
  6 crocodiles
  3 big kobolds
  11 bullfrogs
  A troll zombie (Ossuary)
  24 killer bees
  4 wights (D:7)
  A howler monkey (D:9)
  8 crimson imps
  A lava snake (D:8)
  3 centaur zombies
  8 orc priests
  A jelly (D:9)
  A human zombie (Ossuary)
  5 hounds
  2 centaur skeletons
  A gnoll shaman (D:7)
  11 iguanas
  Terence (D:3)
  4 worker ants
  11 orc wizards
  2 killer bee zombies
  3 ogre zombies (Ossuary)
  A hound skeleton (D:5)
  7 mummies (Ossuary)
  A worker ant zombie (D:5)
  9 gnolls
  A river rat (Sewer)
  9 adders
  3 shadow imps
  4 adder zombies (Ossuary)
  An adder skeleton (D:9)
  4 worms
  2 dart slugs
  6 leopard geckos
  64 orcs
  2 ball pythons
  7 giant cockroaches
  6 goblins
  10 hobgoblins
  12 jackals
  20 kobolds
  5 quokkas
  11 bats
  2 frilled lizards
  4 goblin zombies (Ossuary)
  3 hobgoblin zombies (Ossuary)
  5 kobold zombies (Ossuary)
  5 quokka zombies (Ossuary)
  6 rats
  3 rat zombies (Ossuary)
  A fungus (Lair:4)
520 creatures vanquished.

Vanquished Creatures (collateral kills)
  A meliai (Lair:4)
  A yak (Lair:1)
  2 killer bees (Lair:4)
4 creatures vanquished.

Vanquished Creatures (others)
  A fungus (Lair:4)
  A plant (Lair:3)
2 creatures vanquished.

Grand Total: 526 creatures vanquished

Notes
Turn   | Place    | Note
-------+----------+-------------------------------------------
     0 | D:1      | MrFrosty176 the Gargoyle Fighter began the quest for the Orb.
     0 | D:1      | Reached XP level 1. HP: 14/14 MP: 1/1
    95 | D:1      | Reached XP level 2. HP: 6/19 MP: 2/2
   410 | D:1      | Reached XP level 3. HP: 23/23 MP: 3/3
   425 | D:1      | Reached skill level 4 in Shields
  1282 | D:2      | Reached XP level 4. HP: 24/28 MP: 4/4
  1634 | D:2      | Found an iron altar of Okawaru.
  1640 | D:2      | Became a worshipper of Warmaster Okawaru
  1925 | D:3      | Noticed Terence
  1939 | D:3      | Killed Terence
  2127 | D:3      | Found a glowing drain.
  2145 | D:3      | Reached XP level 5. HP: 32/32 MP: 5/5
  2160 | D:3      | Reached skill level 5 in Shields
  2199 | Sewer    | Entered a sewer
  2260 | Sewer    | Noticed a big kobold
  2290 | Sewer    | Killed a big kobold
  2290 | Sewer    | Reached XP level 6. HP: 26/37 MP: 6/6
  2335 | Sewer    | Found a glowing silver altar of Zin.
  2499 | D:3      | Found a snail-covered altar of Cheibriados.
  2503 | D:3      | Found a glowing silver altar of Zin.
  3004 | D:3      | Upgraded the game from 0.21-a0-270-g8204059 to 0.21-a0-272-g984ae92
  3765 | D:5      | Entered Level 5 of the Dungeon
  3886 | D:5      | Reached * piety under Okawaru
  3920 | D:5      | Reached skill level 6 in Shields
  3920 | D:5      | Reached XP level 7. HP: 40/43 MP: 7/7
  3994 | D:5      | Reached skill level 5 in Maces & Flails
  4696 | D:6      | Found a sand-covered staircase.
  4697 | D:6      | Noticed wearedevo's ghost (novice GnAM)
  4704 | Ossuary  | Entered an ossuary
  4774 | Ossuary  | Reached skill level 1 in Invocations
  4830 | Ossuary  | Reached ** piety under Okawaru
  4903 | Ossuary  | Reached XP level 8. HP: 40/48 MP: 9/9
  4953 | Ossuary  | Reached skill level 7 in Shields
  5201 | D:6      | Killed wearedevo's ghost
  5340 | D:6      | Reached skill level 8 in Shields
  5347 | D:6      | Found a staircase to the Ecumenical Temple.
  5512 | D:6      | Noticed Eustachio
  5544 | D:6      | Found a stormy altar of Qazlal.
  5556 | D:6      | Killed Eustachio
  5556 | D:6      | Reached XP level 9. HP: 42/53 MP: 11/11
  5583 | D:6      | Found a shadowy altar of Dithmenos.
  5733 | D:6      | Reached skill level 5 in Fighting
  5755 | D:6      | Found a radiant altar of Vehumet.
  5952 | D:6      | Found a basalt altar of Yredelemnul.
  6001 | D:7      | Reached *** piety under Okawaru
  6041 | D:7      | Reached skill level 9 in Shields
  6409 | D:7      | Found Radoun's Food Emporium.
  6411 | D:7      | Found a transporter.
  6529 | D:7      | Reached skill level 5 in Armour
  6580 | D:7      | Reached **** piety under Okawaru
  6618 | D:7      | Noticed an ogre mage
  6766 | D:7      | Found a roughly hewn altar of Beogh.
  6790 | D:7      | Killed an ogre mage
  6790 | D:7      | Reached ***** piety under Okawaru
  6790 | D:7      | Reached skill level 10 in Shields
  6790 | D:7      | Reached XP level 10. HP: 63/63 MP: 12/12
  6842 | D:7      | Got a pitted hand axe
  6855 | D:7      | Found a transporter.
  6863 | D:7      | Identified the cursed +3 hand axe of Due Proportion {chop, +Rage Str+3 Dex+6} (You found it on level 7 of the Dungeon)
  7118 | D:8      | Noticed Meesh's ghost (novice MiFi)
  7395 | D:8      | Noticed Prince Ribbit
  7683 | D:8      | Killed Prince Ribbit
  7683 | D:8      | Reached skill level 1 in Axes
  7962 | D:8      | Killed Meesh's ghost
  7962 | D:8      | Received a gift from Okawaru
  8504 | D:10     | Entered Level 10 of the Dungeon
  8541 | D:9      | Received a gift from Okawaru
  8578 | D:9      | Reached skill level 11 in Shields
  8578 | D:9      | Reached skill level 1 in Evocations
  8873 | D:9      | Reached XP level 11. HP: 56/69 MP: 14/14
  9035 | D:9      | Noticed a two-headed ogre
  9044 | D:9      | Noticed a two-headed ogre
  9102 | D:9      | Killed a two-headed ogre
  9116 | D:9      | Killed a two-headed ogre
  9116 | D:9      | Reached skill level 5 in Invocations
  9387 | D:9      | Found Ixtet Othru's Antique Weapon Shop.
  9637 | D:9      | Found a staircase to the Lair.
 10041 | D:9      | Reached skill level 1 in Stealth
 10148 | D:9      | Received a gift from Okawaru
 10558 | D:10     | Noticed a two-headed ogre
 10578 | D:10     | Killed a two-headed ogre
 11050 | D:10     | Noticed a two-headed ogre
 11062 | D:10     | Killed a two-headed ogre
 11062 | D:10     | Reached skill level 5 in Axes
 11062 | D:10     | Reached XP level 12. HP: 24/75 MP: 14/16
 11753 | D:12     | Reached skill level 1 in Throwing
 11753 | D:12     | Reached skill level 12 in Shields
 11989 | D:12     | Noticed plsesad's ghost (journeyman BaFi)
 12459 | D:11     | Found a staircase to the Orcish Mines.
 12559 | D:11     | Noticed Grum
 12559 | D:11     | Noticed a four-headed hydra
 12591 | D:11     | Killed a six-headed hydra
 12591 | D:11     | Reached skill level 5 in Evocations
 12603 | D:11     | Killed Grum
 12844 | D:11     | Noticed Erica
 12880 | D:11     | Killed Erica
 12941 | D:11     | Received a gift from Okawaru
 12950 | D:11     | Reached skill level 10 in Armour
 12952 | D:11     | Got a transparent lajatang {god gift}
 13243 | D:11     | Identified the +3 lajatang of Okawaru's Supremacy {antimagic, rElec rPois rC+ Int-3} (Okawaru gifted it to you on level 11 of the Dungeon)
 13406 | D:11     | Noticed Psyche
 13423 | D:11     | Killed Psyche
 13556 | D:11     | Found a runed door.
 13579 | D:11     | Found a runed door.
 13592 | D:11     | Found a runed door.
 13604 | D:11     | Found a runed door.
 14294 | Lair:1   | Entered Level 1 of the Lair of Beasts
 14558 | Lair:1   | Reached XP level 13. HP: 72/80 MP: 18/18
 14617 | Lair:1   | Noticed wearedevo's ghost (journeyman OpAK)
 14641 | Lair:1   | Killed wearedevo's ghost
 14863 | Lair:1   | You fall through a shaft!
 15070 | Lair:2   | Reached skill level 13 in Shields
 15075 | Lair:2   | HP: 3/82 [komodo dragon (21)]
 15080 | Lair:2   | Received a gift from Okawaru
 15571 | Lair:2   | Reached skill level 10 in Fighting
 17105 | Lair:3   | Found a staircase to the Swamp.
 17692 | Lair:3   | Noticed Nergalle
 17715 | Lair:3   | Received a gift from Okawaru
 17724 | Lair:3   | Killed Nergalle
 17919 | Lair:4   | Reached skill level 1 in Dodging
 17933 | Lair:4   | Found a staircase to the Snake Pit.
 18155 | Lair:4   | Found a labyrinth entrance.
 18164 | Lab      | Entered a labyrinth
 18225 | Lab      | Gained mutation: Your large and strong wings let you fly indefinitely. [Gargoyle growth]
 18225 | Lab      | Reached XP level 14. HP: 53/88 MP: 19/19
 18525 | Lab      | Received a gift from Okawaru
 18869 | Lab      | Found the +3 giant club "Skullcrusher" {speed, Str+7}
 19543 | Lair:4   | HP: 2/90 [meliai/divine providence (10)]
 19546 | Lair:4   | Killed from afar by a meliai

Vault maps used:
D:1:      eino_arrival_tree_alley
D:2:      okawaru_ov_weapons_minmay
D:3:      grunt_temple_overflow_open, first_bread, gup_sewer_entry_glass,
          uniq_terence
D:5:      serial_glass, glass_columns_c, glass_columns_a,
          minmay_tree_intersection
D:6:      nicolae_overflow_quartered_altars, minmay_temple_entry_nine_rooms,
          nicolae_ossuary_entry_monument, uniq_eustachio
D:7:      gammafunk_beogh_shrine, serial_shops, shop, grunt_ogre_cave,
          minmay_misc_feat_room
D:8:      nicolae_lava_and_water, uniq_prince_ribbit1
D:9:      erik_lair_dragon, serial_shops, shop, hangedman_misty_isle
D:11:     erik_orc_3, minmay_statue_crystal_thing, uniq_grum, uniq_erica,
          uniq_psyche
D:12:     hangedman_abyss_or_decor_jellyfish_corner, spider_trap,
          minmay_misc_feat_roman, bh_hangedman_babel_library
Lair:1:   bh_autumn_forest_stairs, st_stairs_10
Lair:2:   beast_lair_carwin_2, serial_bayou_shore_b
Lair:3:   beast_lair_carwin_large_4, minmay_swamp_entry_wisps,
          grunt_megastairs_1, uniq_nergalle
Lair:4:   lemuel_slime, dummy_snake_entry, lab_entry_generic, special_room,
          infiniplex_staircase_pool_2, minmay_lair_oklob_chamber,
          grunt_megastairs_5
Lab:      nicolae_lab_dead_end, labyrinth_skeletal_remains,
          nicolae_lab_very_dead_end, lab_hedge, nicolae_lab_arrow,
          nicolae_lab_lava, nicolae_lab_x, nicolae_lab_checkerboard,
          nicolae_lab_do_over
Sewer:    sewer_kobolds
Ossuary:  ossuary_boxes_badplayer

Skill      XL: |  1  2  3  4  5  6  7  8  9 10 11 12 13 14 |
---------------+-------------------------------------------+-----
Shields        | 4 5 6 8 10 11 12 13 | 13.8
Maces & Flails | 3 4 5 7 |  7.1
Armour         | 4 6 7 9 10 11 | 11.9
Fighting       | 4 7 8 9 10 11 | 11.1
Invocations    | 1 3 4 6 7 |  7.0
Axes           | 3 5 7 |  7.4
Evocations     | 1 4 5 |  5.1
Stealth        | 1 |  1.2
Throwing       | 4 |  4.4
Dodging        | 1 2 |  2.6

Action                   |  1- 3 |  4- 6 |  7- 9 | 10-12 | 13-15 || total
-------------------------+-------+-------+-------+-------+-------++-------
Melee: Flail             |   155 |   363 |   556 |    96 |       ||  1170
       Hand axe          |       |       |       |   886 |   776 ||  1662
       Dire flail        |       |       |       |    19 |       ||    19
Throw: Tomahawk          |       |     4 |       |       |       ||     4
       Javelin           |       |       |       |     2 |     4 ||     6
Invok: Heroism           |       |       |     5 |    14 |    11 ||    30
       Finesse           |       |       |       |     1 |       ||     1
Evoke: Wand              |       |       |       |     2 |     4 ||     6
  Use: Scroll            |     2 |     2 |     7 |    14 |     3 ||    28
       Potion            |       |     1 |     4 |    10 |     1 ||    16
 Stab: Invisible         |       |       |     2 |    17 |     1 ||    20
       Sleeping          |       |       |       |     1 |     1 ||     2
       Confused          |       |       |       |       |     3 ||     3
       Distracted        |       |       |       |       |     1 ||     1
  Eat: Chunk             |     1 |    10 |     6 |    20 |    13 ||    50
       Bread ration      |       |       |     1 |     2 |     2 ||     5
       Fruit             |       |       |       |       |     1 ||     1
Armor: Scale mail        |    36 |       |    93 |   184 |       ||   313
       Ring mail         |    47 |   198 |   172 |       |       ||   417
       Robe              |       |     7 |       |       |       ||     7
       Acid dragon scale |       |       |       |   296 |   345 ||   641
Dodge: Dodged            |    61 |   136 |   212 |   402 |   267 ||  1078
Block: Shield            |    76 |   217 |   323 |   682 |   583 ||  1881

Table legend:
 A = Spawn XP
 B = Non-spawn XP
 C = Spawn XP percentage of total XP
 D = Spawn monster count
 E = Non-spawn monster count
 F = Spawn count percentage of total count
 G = Total turns spent on level
                    A         B        C        D         E        F      G
               +---------+---------+-------+---------+---------+-------+---------
         Total |       0 |   59444 |   0.0 |       0 |     523 |   0.0 | 19546
               +---------+---------+-------+---------+---------+-------+---------
           D:1 |       0 |      45 |   0.0 |       0 |      23 |   0.0 |   820
           D:2 |       0 |      61 |   0.0 |       0 |      22 |   0.0 |   915
           D:3 |       0 |     153 |   0.0 |       0 |      28 |   0.0 |  1092
           D:4 |       0 |     125 |   0.0 |       0 |      18 |   0.0 |   728
           D:5 |       0 |     508 |   0.0 |       0 |      23 |   0.0 |   904
           D:6 |       0 |    1211 |   0.0 |       0 |      10 |   0.0 |   840
           D:7 |       0 |    3638 |   0.0 |       0 |      62 |   0.0 |  1653
           D:8 |       0 |    1515 |   0.0 |       0 |      12 |   0.0 |   713
           D:9 |       0 |    6793 |   0.0 |       0 |      46 |   0.0 |  1997
          D:10 |       0 |    4335 |   0.0 |       0 |      26 |   0.0 |  1393
          D:11 |       0 |    8952 |   0.0 |       0 |      63 |   0.0 |  2271
          D:12 |       0 |    2458 |   0.0 |       0 |       7 |   0.0 |   279
        Lair:1 |       0 |    4135 |   0.0 |       0 |      17 |   0.0 |   996
        Lair:2 |       0 |    5506 |   0.0 |       0 |      28 |   0.0 |  1218
        Lair:3 |       0 |    8776 |   0.0 |       0 |      44 |   0.0 |  1390
        Lair:4 |       0 |    7488 |   0.0 |       0 |      38 |   0.0 |   910
           Lab |       0 |    3229 |   0.0 |       0 |      11 |   0.0 |   738
         Sewer |       0 |     116 |   0.0 |       0 |       8 |   0.0 |   210
       Ossuary |       0 |     400 |   0.0 |       0 |      37 |   0.0 |   479
               +---------+---------+-------+---------+---------+-------+---------
